 Dungeon Crawl Stone Soup version 0.27.1-33-g824d729ab1 (webtiles) character file.

Game seed: 17332388039052499435

51 itsemess the Skirmisher (level 3, -3/34 HPs)
             Began as a Minotaur Berserker on Dec 8, 2021.
             Was a Believer of Trog.
             Slain by a gnoll (5 damage)
             ... on level 2 of the Dungeon.
             The game lasted 00:03:10 (990 turns).

itsemess the Skirmisher (Minotaur Berserker)         Turns: 990, Time: 00:03:11

Health: -3/34      AC:  5    Str: 22    XL:     3   Next: 57%
Magic:  2/2        EV: 11    Int:  4    God:    Trog [**....]
Gold:   44         SH:  0    Dex:  9    Spells: 2/2 levels left

rFire    . . .     SeeInvis .   a - +0 hand axe
rCold    . . .     Faith    .   (no shield)
rNeg     . . .     Spirit   .   g - +0 ring mail
rPois    .         Reflect  .   (helmet restricted)
rElec    .         Harm     .   (no cloak)
rCorr    .         Rampage  .   (no gloves)
Will     .....                  (no boots)
Stlth    ..........             (no amulet)
HPRegen  0.11/turn              (no ring)
MPRegen  0.08/turn              (no ring)

@: on berserk cooldown, slowed, very slow
A: horns 2, retaliatory headbutt
a: Renounce Religion, Berserk, Trog's Hand


You were on level 2 of the Dungeon.
You worshipped Trog.
Trog was pleased with you.
You visited 1 branch of the dungeon, and saw 2 of its levels.

You collected 44 gold pieces.

Inventory:

Hand Weapons
 a - a +0 hand axe (weapon)
Armour
 g - a +0 ring mail (worn)
Scrolls
 f - a scroll of vulnerability {unknown}
Potions
 c - a potion of brilliance {unknown}
 d - a potion of might {unknown}
 e - a potion of curing {unknown}


   Skills:
 + Level 4.5 Fighting
 + Level 4.5 Axes
 + Level 2.8 Armour
 - Level 2.2 Dodging
 + Level 0.2 Stealth


You had 2 spell levels left.
You didn't know any spells.
Your spell library contained the following spells:

 Spells                   Type           Power      Damage    Failure   Level
 Magic Dart               Conj           0%         1d3       65%         1
 Call Imp                 Summ           0%         N/A       80%         2
 Mephitic Cloud           Conj/Pois/Air  0%         N/A       95%         3


Dungeon Overview and Level Annotations

Branches:
Dungeon (2/15)

Altars:


Innate Abilities, Weirdness & Mutations

You have a pair of horns on your head.
You reflexively headbutt those who attack you in melee.


Message History

A gnoll comes into view. It is wielding a +0 club.
The gnoll shouts!
A gnoll comes into view. It is wielding a +0 halberd.
A gnoll comes into view. It is wielding a +0 halberd.
The gnoll shouts! x2
A red film seems to cover your vision as you go berserk!
You feel yourself moving faster!
You feel mighty! The gnoll hits you with a +0 club.
You slash the gnoll!
The gnoll is severely wounded.
The gnoll hits you from afar with a +0 halberd!
You barely miss the gnoll.
The gnoll is severely wounded.
The gnoll barely misses you. The gnoll closely misses you. x2
You hit the gnoll. Your headbutt misses the gnoll.
The gnoll is almost dead.
The gnoll hits you with a +0 club. The gnoll closely misses you.
You hit the gnoll.
The gnoll is almost dead.
The gnoll misses you.
You barely miss the gnoll.
The gnoll is almost dead.
The gnoll misses you. The gnoll closely misses you.
The gnoll hits you from afar with a +0 halberd!
You slash the gnoll!
You kill the gnoll!
Trog accepts your kill.
The gnoll hits you from afar with a +0 halberd!
* * * LOW HITPOINT WARNING * * *
You feel a strong urge to attack something.
You feel your anger nearly subside.
You are no longer berserk.
You are exhausted.
You feel yourself slow down. The gnoll misses you.
The gnoll hits you from afar with a +0 halberd.
* * * LOW HITPOINT WARNING * * *
There is a stone staircase leading up here.
You see here a rat corpse.
The gnoll hits you from afar with a +0 halberd.
You die...

#### .#### ....#
####...##....###....#
.......... #....>...#......
......>... +........+......
.........# #......# ......
.........###......# .....
...........#.....## .....
..........†......######....
...##....@.g.)..##........
#..###.g....##........
#..#........##........
#..#.##.....##........
...#....##.......)###.[..
....#+####..†......###....
...........................
.......................####
.............†)...........


You could see 2 gnolls.

Vanquished Creatures
  A gnoll (D:2)
  5 ball pythons
  An endoplasm (D:1)
  A giant cockroach (D:1)
  5 goblins
  6 jackals
  5 kobolds
  A quokka (D:1)
  4 bats
  3 frilled lizards (D:1)
  4 rats
36 creatures vanquished.

Notes
Turn   | Place    | Note
-------+----------+-------------------------------------------
     0 | D:1      | itsemess the Minotaur Berserker began the quest for the
                  | Orb.
     0 | D:1      | Reached XP level 1. HP: 19/19 MP: 0/0
    56 | D:1      | Reached XP level 2. HP: 14/27 MP: 1/1
   807 | D:1      | Reached XP level 3. HP: 27/33 MP: 2/2
   807 | D:1      | Reached ** piety under Trog
   990 | D:2      | Slain by a gnoll

Illustrated notes

Levels and vault maps discovered:
D:1:      dpeg_arrival_round_b, layout_rooms
D:2:      layout_basic, uniq_sigmund, uniq_natasha

Skill      XL: |  1  2 |
---------------+-------+-----
Fighting       | 4 |  4.5
Axes           | 4 |  4.5
Armour         | |  2.8
Dodging        | |  2.2
Stealth        | |  0.2

Action                   || total
-------------------------++-------
Melee: Hand axe          ||    63
       Headbutt          ||     6
Invok: Berserk           ||     4
Armor: Animal skin       ||    20
Dodge: Dodged            ||    59
